3AAA
BRINKLEY BELUGAS @ SYLVANIA MAPLE LEAVES
07/02/2017
 
TOP OF THE 1ST
Augusta Timber Hawks batting - Pitching for Sylvania Maple Leaves : RHP José Ramírez
Pitching: RHP José Ramírez
Batting: RHB Anrrique Bolo 0-0: Ball
1-0: Ball
2-0: Called Strike
2-1: Ground out 5-3 (Groundball, 56S)
Batting: RHB Ed Farías 0-0: Ball
1-0: Ball
2-0: Called Strike
2-1: Ball
3-1: Base on Balls
Batting: LHB Bob Hensley 0-0: Called Strike
0-1: Grounds into double play, U4-3 (Groundball, 4M)
Top of the 1st over - 0 run(s), 0 hit(s), 0 error(s), 0 left on base; Augusta 0 - Sylvania 0
BOTTOM OF THE 1ST
Sylvania Maple Leaves batting - Pitching for Augusta Timber Hawks : LHP Josh Cox
Pitching: LHP Josh Cox
Batting: RHB Jim Unknown 0-0: Ball
1-0: Called Strike
1-1: Bunted foul
1-2: SINGLE (Groundball, 6MD)
Batting: LHB Jim Vaughan 0-0: Ball
1-0: Called Strike
1-1: Fly out, F9 (Flyball, 89M)
Batting: RHB Jim Unknown 0-0: SINGLE (Line Drive, 34D)
Jim Unknown to second
Batting: RHB Yao-qing Ya 0-0: Grounds into double play, 5-4-3 (Groundball, 56)
Bottom of the 1st over - 0 run(s), 2 hit(s), 0 error(s), 1 left on base; Augusta 0 - Sylvania 0
TOP OF THE 2ND
Augusta Timber Hawks batting - Pitching for Sylvania Maple Leaves : RHP José Ramírez
Batting: SHB Noboru Ichihara 0-0: Ball
1-0: Ball
2-0: Fly out, F6 (Line Drive, 6M)
Batting: RHB Mark Cunningham 0-0: Called Strike
0-1: Foul Ball, location: 2F
0-2: Ball
1-2: Strikes out swinging
Batting: LHB Ramón Castellanos 0-0: Ball
1-0: Called Strike
1-1: Swinging Strike
1-2: SINGLE (Flyball, 7LS)
Batting: RHB William Jefferson 0-0: Ground out 1-3 (Groundball, 13)
Top of the 2nd over - 0 run(s), 1 hit(s), 0 error(s), 1 left on base; Augusta 0 - Sylvania 0
BOTTOM OF THE 2ND
Sylvania Maple Leaves batting - Pitching for Augusta Timber Hawks : LHP Josh Cox
Batting: RHB Bartolo García 0-0: Ball
1-0: Called Strike
1-1: Ball
2-1: Foul Ball, location: 2F
2-2: Ball
3-2: Base on Balls
Batting: LHB Chris Randolph 0-0: Foul Ball, location: 2F
0-1: Swinging Strike
0-2: Strikes out swinging
Batting: RHB José Valdéz 0-0: Swinging Strike
0-1: Ball
1-1: Called Strike
1-2: Foul Ball, location: 2F
1-2: Ball
2-2: Ball
3-2: Strikes out swinging
Batting: RHB Bob MacGruder 0-0: Called Strike
0-1: Swinging Strike
0-2: Ball
1-2: Ball
2-2: Strikes out swinging
Bottom of the 2nd over - 0 run(s), 0 hit(s), 0 error(s), 1 left on base; Augusta 0 - Sylvania 0
TOP OF THE 3RD
Augusta Timber Hawks batting - Pitching for Sylvania Maple Leaves : RHP José Ramírez
Batting: RHB Dave Bush 0-0: Called Strike
0-1: Ball
1-1: Foul Ball, location: 2F
1-2: Foul Ball, location: 2F
1-2: Ball
2-2: Strikes out looking
Batting: RHB Bryant Armstrong 0-0: Ball
1-0: Called Strike
1-1: Ball
2-1: Ball
3-1: Ground out 1-3 (Groundball, 15)
Batting: RHB Anrrique Bolo 0-0: Called Strike
0-1: Swinging Strike
0-2: Ball
1-2: Ground out 1-3 (Groundball, 15)
Top of the 3rd over - 0 run(s), 0 hit(s), 0 error(s), 0 left on base; Augusta 0 - Sylvania 0
BOTTOM OF THE 3RD
Sylvania Maple Leaves batting - Pitching for Augusta Timber Hawks : LHP Josh Cox
Batting: RHB Jim Unknown 0-0: Fly out, F8 (Flyball, 89M)
Batting: RHB Jim Unknown 0-0: Ball
1-0: Foul Ball, location: 2F
1-1: Foul Ball, location: 2F
1-2: Ball
2-2: Ball
3-2: SINGLE (Groundball, 34)
Batting: LHB Jim Vaughan 0-0: Called Strike
0-1: Ball
1-1: Foul Ball, location: 2F
1-2: Ball
2-2: Foul Ball, location: 2F
2-2: Ball
3-2: Base on Balls
Jim Unknown to second
Batting: RHB Jim Unknown 0-0: Ball
1-0: Called Strike
1-1: Swinging Strike
1-2: Fly out, F8 (Flyball, 8RM)
Batting: RHB Yao-qing Ya 0-0: Called Strike
0-1: Fly out, F8 (Flyball, 8LS)
Bottom of the 3rd over - 0 run(s), 1 hit(s), 0 error(s), 2 left on base; Augusta 0 - Sylvania 0
TOP OF THE 4TH
Augusta Timber Hawks batting - Pitching for Sylvania Maple Leaves : RHP José Ramírez
Batting: RHB Ed Farías 0-0: Ball
1-0: Ball
2-0: Ball
3-0: Base on Balls
Batting: LHB Bob Hensley 0-0: Ball
1-0: Grounds into double play, 4-6-3 (Groundball, 4)
Batting: SHB Noboru Ichihara 0-0: Called Strike
0-1: Swinging Strike
0-2: Ball
1-2: Foul Ball, location: 2F
1-2: DOUBLE (Line Drive, 9LM)
Batting: RHB Mark Cunningham 0-0: Ball
1-0: SINGLE (Line Drive, 56)
Noboru Ichihara to third
Runner from 3rd tries for Home, SAFE, no throw or cutoff
Batting: LHB Ramón Castellanos 0-0: Ball
1-0: Ball
2-0: Ball
3-0: Base on Balls
Mark Cunningham to second
Batting: RHB William Jefferson 0-0: Called Strike
0-1: Ball
1-1: Foul Ball, location: 2F
1-2: Ball
2-2: Foul Ball, location: 2F
2-2: DOUBLE (Line Drive, 8RM)
Mark Cunningham scores
Ramón Castellanos to third
Batting: RHB Dave Bush 0-0: Called Strike
0-1: Ball
1-1: Ball
2-1: Swinging Strike
2-2: Strikes out looking
Top of the 4th over - 2 run(s), 3 hit(s), 0 error(s), 2 left on base; Augusta 2 - Sylvania 0
BOTTOM OF THE 4TH
Sylvania Maple Leaves batting - Pitching for Augusta Timber Hawks : LHP Josh Cox
Batting: RHB Bartolo García 0-0: Ball
1-0: Called Strike
1-1: Called Strike
1-2: Strikes out swinging
Batting: LHB Chris Randolph 0-0: Called Strike
0-1: Ball
1-1: Ball
2-1: SINGLE (Groundball, 6MD)
Batting: RHB José Valdéz 0-0: Called Strike
0-1: Foul Ball, location: 2F
0-2: Ball
1-2: Foul Ball, location: 2F
1-2: Ball
2-2: SINGLE (Groundball, 6MD)
Chris Randolph to second
Batting: RHB Bob MacGruder 0-0: Ball
1-0: Called Strike
1-1: Ball
2-1: Foul Ball, location: 2F
2-2: Strikes out swinging
Batting: RHB Jim Unknown 0-0: Called Strike
0-1: Ball
1-1: 3-RUN HOME RUN (Flyball, 78XD), Distance : 428 ft
Batting: RHB Jim Unknown 0-0: Ball
1-0: Ball
2-0: Called Strike
2-1: Ball
3-1: Base on Balls
Batting: LHB Jim Vaughan 0-0: Ground out 3-1 (Groundball, 34)
Bottom of the 4th over - 3 run(s), 3 hit(s), 0 error(s), 1 left on base; Augusta 2 - Sylvania 3
TOP OF THE 5TH
Augusta Timber Hawks batting - Pitching for Sylvania Maple Leaves : RHP José Ramírez
Batting: RHB Bryant Armstrong 0-0: Ball
1-0: Called Strike
1-1: Foul Ball, location: 2F
1-2: Strikes out looking
Batting: RHB Anrrique Bolo 0-0: Bunted foul
0-1: Ball
1-1: Swinging Strike
1-2: Strikes out swinging
Batting: RHB Ed Farías 0-0: Called Strike
0-1: Ball
1-1: Ball
2-1: Ball
3-1: Base on Balls
Batting: LHB Bob Hensley 0-0: Ball
1-0: Called Strike
1-1: Foul Ball, location: 2F
1-2: Ball
2-2: Foul Ball, location: 2F
2-2: Foul Ball, location: 2F
2-2: Ball
3-2: Base on Balls
Ed Farías to second
Batting: SHB Noboru Ichihara 0-0: Called Strike
0-1: Ball
1-1: Ball
2-1: Foul Ball, location: 2F
2-2: Ball
3-2: Base on Balls
Ed Farías to third
Bob Hensley to second
Batting: RHB Mark Cunningham 0-0: Called Strike
0-1: Ball
1-1: Foul Ball, location: 2F
1-2: Foul Ball, location: 2F
1-2: Ball
2-2: Strikes out swinging
Top of the 5th over - 0 run(s), 0 hit(s), 0 error(s), 3 left on base; Augusta 2 - Sylvania 3
BOTTOM OF THE 5TH
Sylvania Maple Leaves batting - Pitching for Augusta Timber Hawks : LHP Josh Cox
Batting: RHB Jim Unknown 0-0: Foul Ball, location: 2F
0-1: Ball
1-1: SINGLE (Line Drive, 8LS)
Batting: RHB Yao-qing Ya 0-0: Called Strike
0-1: Ball
1-1: Fly out, F8 (Flyball, 8LXD)
Batting: RHB Bartolo García 0-0: Called Strike
0-1: Swinging Strike
0-2: Ball
1-2: Ball
2-2: Ball
3-2: Foul Ball, location: 2F
3-2: Base on Balls
Jim Unknown to second
Pitching: RHP Victor Day
Batting: LHB Chris Randolph 0-0: Ball
1-0: Ground out U3 (Groundball, 3S)
Jim Unknown to third
Bartolo García to second
Batting: RHB José Valdéz 0-0: Ball
1-0: Ball
2-0: Fly out, F8 (Flyball, 8LM)
Bottom of the 5th over - 0 run(s), 1 hit(s), 0 error(s), 2 left on base; Augusta 2 - Sylvania 3
TOP OF THE 6TH
Augusta Timber Hawks batting - Pitching for Sylvania Maple Leaves : RHP José Ramírez
Batting: LHB Ramón Castellanos 0-0: Swinging Strike
0-1: SOLO HOME RUN (Flyball, 9LD), Distance : 360 ft
Pitching: RHP Alejandro González
Batting: RHB William Jefferson 0-0: Ball
1-0: Foul Ball, location: 2F
1-1: Ball
2-1: Foul Ball, location: 2F
2-2: Ball
3-2: Base on Balls
Batting: RHB Dave Bush 0-0: Called Strike
William Jefferson steals 2nd base
0-1: Ball
1-1: Swinging Strike
1-2: Strikes out looking
Batting: RHB Bryant Armstrong 0-0: Ball
1-0: Called Strike
1-1: Swinging Strike
1-2: SINGLE (Line Drive, 6MD)
William Jefferson to third
Batting: RHB Anrrique Bolo 0-0: Foul Ball, location: 2F
0-1: Ball
1-1: Grounds into double play, U4-3 (Groundball, 4M)
Top of the 6th over - 1 run(s), 2 hit(s), 0 error(s), 1 left on base; Augusta 3 - Sylvania 3
BOTTOM OF THE 6TH
Sylvania Maple Leaves batting - Pitching for Augusta Timber Hawks : RHP Victor Day
Batting: RHB Bob MacGruder 0-0: Ball
1-0: Foul Ball, location: 2F
1-1: SOLO HOME RUN (Flyball, 7D), Distance : 384 ft
Batting: RHB Jim Unknown 0-0: Foul Ball, location: 2F
0-1: Fly out, F8 (Flyball, 8LM)
Batting: RHB Jim Unknown 0-0: Called Strike
0-1: Bunted foul
0-2: Ball
1-2: Foul Ball, location: 2F
1-2: Fly out, F9 (Flyball, 89M)
Batting: LHB Jim Vaughan 0-0: Called Strike
0-1: Ground out 4-3 (Groundball, 4)
Bottom of the 6th over - 1 run(s), 1 hit(s), 0 error(s), 0 left on base; Augusta 3 - Sylvania 4
TOP OF THE 7TH
Augusta Timber Hawks batting - Pitching for Sylvania Maple Leaves : RHP Alejandro González
Batting: RHB Ed Farías 0-0: Called Strike
0-1: Ball
1-1: Ball
2-1: Swinging Strike
2-2: Ground out 1-3 (Groundball, 15)
Batting: LHB Bob Hensley 0-0: Foul Ball, location: 2F
0-1: Ball
1-1: Called Strike
1-2: Ball
2-2: Ground out 3-1 (Groundball, 3L)
Batting: SHB Noboru Ichihara 0-0: Ball
1-0: Fly out, F3 (Line Drive, 3L)
Top of the 7th over - 0 run(s), 0 hit(s), 0 error(s), 0 left on base; Augusta 3 - Sylvania 4
BOTTOM OF THE 7TH
Sylvania Maple Leaves batting - Pitching for Augusta Timber Hawks : RHP Victor Day
Batting: RHB Jim Unknown 0-0: Called Strike
0-1: Reached on error, E6 (Groundball, 6)
Batting: RHB Yao-qing Ya 0-0: Ball
1-0: Ball
2-0: Foul Ball, location: 2F
2-1: SINGLE (Line Drive, 89S)
Jim Unknown to second
Batting: RHB Bartolo García 0-0: Swinging Strike
0-1: Ball
1-1: Ball
2-1: Foul Ball, location: 2F
2-2: Ball
3-2: Base on Balls
Jim Unknown to third
Yao-qing Ya to second
Pitching: LHP Jimmy Blackburn
Pinch Hitting: LHB Jim Unknown 0-0: Swinging Strike
0-1: Foul Ball, location: 2F
0-2: Foul Ball, location: 2F
0-2: Fly out, F7 (Flyball, 7M)
Runner from 3rd tags up, SCORES, throw made
Pitching: RHP Oliver Brooks
Batting: RHB José Valdéz 0-0: Ball
1-0: SINGLE (Line Drive, 4M)
Yao-qing Ya to third
Bartolo García to second
Runner from 3rd tries for Home, SAFE, throw made home
Batting: RHB Bob MacGruder 0-0: Ball
1-0: Ball
2-0: Called Strike
2-1: Ball
3-1: Ground out 5-3 (Groundball, 5S)
Bartolo García to third
José Valdéz to second
Batting: RHB Jim Unknown 0-0: Ball
1-0: Ball
2-0: SINGLE (Groundball, 6MD)
Bartolo García scores
José Valdéz to third
Runner from 3rd tries for Home, SAFE, no throw or cutoff
Batting: RHB Jim Unknown 0-0: Foul Ball, location: 2F
0-1: Ball
1-1: Ball
2-1: Ball
3-1: Base on Balls
Jim Unknown to second
Batting: LHB Jim Vaughan 0-0: Ground out U3 (Groundball, 3)
Bottom of the 7th over - 4 run(s), 3 hit(s), 1 error(s), 2 left on base; Augusta 3 - Sylvania 8
TOP OF THE 8TH
Augusta Timber Hawks batting - Pitching for Sylvania Maple Leaves : RHP Alejandro González
Pitching: RHP Jim Unknown
Now in LF: Jim Unknown
Batting: RHB Mark Cunningham 0-0: Ground out 6-3 (Groundball, 6)
Batting: LHB Ramón Castellanos 0-0: Ball
1-0: Swinging Strike
1-1: Foul Ball, location: 2F
1-2: Ball
2-2: Foul Ball, location: 2F
2-2: Ground out 6-3 (Groundball, 6)
Batting: RHB William Jefferson 0-0: Called Strike
0-1: Fly out, F8 (Flyball, 8RD)
Top of the 8th over - 0 run(s), 0 hit(s), 0 error(s), 0 left on base; Augusta 3 - Sylvania 8
BOTTOM OF THE 8TH
Sylvania Maple Leaves batting - Pitching for Augusta Timber Hawks : RHP Oliver Brooks
Batting: RHB Jim Unknown 0-0: Foul Ball, location: 2F
0-1: Ground out 5-3 (Groundball, 56)
Batting: RHB Yao-qing Ya 0-0: Foul Ball, location: 2F
0-1: Ball
1-1: Ball
2-1: Foul Ball, location: 2F
2-2: Foul Ball, location: 2F
2-2: Ball
3-2: Base on Balls
Batting: RHB Bartolo García 0-0: Ball
1-0: Called Strike
1-1: Foul Ball, location: 2F
1-2: Strikes out swinging
Batting: LHB Jim Unknown 0-0: Hit by Pitch
Yao-qing Ya to second
Batting: RHB José Valdéz 0-0: Ball
1-0: Ball
2-0: Called Strike
2-1: Ball
3-1: Foul Ball, location: 2F
3-2: Foul Ball, location: 2F
3-2: Foul Ball, location: 2F
3-2: Foul Ball, location: 2F
3-2: Base on Balls
Yao-qing Ya to third
Jim Unknown to second
Pitching: RHP Chris Ashe
Batting: RHB Bob MacGruder 0-0: Ball
1-0: Ground out 5-3 (Groundball, 5L)
Bottom of the 8th over - 0 run(s), 0 hit(s), 0 error(s), 3 left on base; Augusta 3 - Sylvania 8
TOP OF THE 9TH
Augusta Timber Hawks batting - Pitching for Sylvania Maple Leaves : RHP Jim Unknown
Pitching: RHP Jim Unknown
Batting: RHB Dave Bush 0-0: Foul Ball, location: 2F
0-1: Ground out 6-3 (Groundball, 6)
Batting: RHB Bryant Armstrong 0-0: Called Strike
0-1: Ball
1-1: Foul Ball, location: 2F
1-2: Ball
2-2: Foul Ball, location: 2F
2-2: Ball
3-2: Foul Ball, location: 2F
3-2: Base on Balls
Batting: RHB Anrrique Bolo 0-0: Ball
1-0: Foul Ball, location: 2F
1-1: Ball
2-1: Ball
3-1: SINGLE (Groundball, 13) (infield hit)
Bryant Armstrong to second
Batting: RHB Ed Farías 0-0: Swinging Strike
0-1: Swinging Strike
0-2: Strikes out looking
Batting: LHB Bob Hensley 0-0: Ball
1-0: Foul Ball, location: 2F
1-1: Ball
2-1: Swinging Strike
2-2: Ball
3-2: Fly out, F9 (Flyball, 9M)
Top of the 9th over - 0 run(s), 1 hit(s), 0 error(s), 2 left on base; Augusta 3 - Sylvania 8
This league is powered by Out of the Park Baseball, the baseball management simulation game for PC, Mac and Linux
Saturday, February 27th, 2021 - OOTP Baseball 15.6 Build 34